 Dungeon Crawl Stone Soup version 0.32-a0-928-g1cae6b7ea0 (webtiles) character file.

Game seed: 7607887998528576900

41 runemasterragnar the Charlatan (level 3, 0/26 HPs)
             Began as a Coglin Artificer on Apr 12, 2024.
             Constricted to death by a ball python (1 damage)
             ... on level 1 of the Dungeon.
             The game lasted 00:01:45 (935 turns).

runemasterragnar the Charlatan (Coglin Artificer)    Turns: 935, Time: 00:01:45

Health: 0/26       AC:  3    Str: 14    XL:     3   Next: 52%
Magic:  3/3        EV:  0    Int: 10    God:
Gold:   115        SH:  0    Dex: 14    Spells: 2/2 levels left

rFire   . . .        h - +0 dagger (flame) {Balvinder}
rCold   . . .        f - +0 dagger {Sextus}
rNeg    . . .        b - +0 leather armour
rPois   .            (no helmet)
rElec   .            (no cloak)
rCorr   .            (no gloves)
SInv    .            (no boots)
Will    .....        (amulet unavailable)
Stlth   ++           (ring unavailable)
HPRegen 0.24/turn    (ring unavailable)
MPRegen 0.08/turn    (no gizmo)

%: no passive effects
@: constricted, revving
A: off-hand wielding, slow wielding, warmup strikes, no jewellery
a: Invent Gizmo


You were on level 1 of the Dungeon.
You visited 1 branch of the dungeon, and saw 2 of its levels.

You collected 115 gold pieces.

Inventory:

Hand Weapons
 a - a +0 club {Ishpreet}
 f - a +0 dagger (offhand) {Sextus}
 h - a +0 dagger of flaming (weapon) {Balvinder}
Missiles
 j - 4 poisoned darts
Armour
 b - a +0 leather armour (worn)
Talismans
 l - a dragon-blood talisman
 p - a beast talisman
Wands
 c - a wand of flame (15) (quivered)
 d - a wand of charming (15)
 e - a wand of iceblast (5)
Scrolls
 g - a scroll of blinking {unknown}
 q - a scroll of revelation {unknown}
 r - a scroll of identify {unknown}
Potions
 i - 2 potions of mutation {unknown}
 k - a potion of curing {unknown}
 m - a potion of ambrosia {unknown}
 n - 2 potions of magic {unknown}
 o - a potion of cancellation {unknown}


   Skills:
 + Level 1.6 Fighting
 + Level 2.2 Armour
 + Level 1.4 Dodging
 + Level 1.3 Stealth
 + Level 4.4 Evocations


You had 2 spell levels left.
You didn't know any spells.
Your spell library was empty.

Dungeon Overview and Level Annotations

Branches:
Dungeon (2/15)

Altars:


Innate Abilities, Weirdness & Mutations

You can wield a second weapon in your off-hand.
It takes a long time for you to wield or remove held weapons.
Your first few attacks do less damage.
You cannot equip rings or amulets.


Message History

A ball python comes into view.
A gnoll comes into view. It is wielding a +0 halberd.
The gnoll shouts!
A gnoll comes into view. It is wielding a +0 flail.
There are monsters nearby!
There are monsters nearby!
The gnoll shouts!
The ball python hisses angrily.
You see here a smoky puce potion.
There is a stone staircase leading up here.
The ball python bites you but does no damage.
The ball python closely misses you.
The gnoll hits you from afar with a +0 halberd.
The gnoll hits you with a +0 flail.
You climb upwards.
There is a stone staircase leading down here.
Unknown command.
Unknown command.
You hit the gnoll but do no damage. You hit the gnoll with your +0 dagger.
The ball python bites you but does no damage.
The ball python barely misses you. The gnoll misses you.
You hit the gnoll but do no damage.
The gnoll is lightly wounded.
You closely miss the gnoll with your +0 dagger.
The ball python barely misses you. x2; The gnoll hits you with a +0 flail!
You hit the gnoll with your +0 dagger.
The gnoll is moderately wounded.
You hit the gnoll but do no damage. The ball python bites you.
The ball python barely misses you. The gnoll hits you with a +0 flail.
* * * LOW HITPOINT WARNING * * *
You hit the gnoll with your +0 dagger of flaming.
You burn the gnoll.
The gnoll is severely wounded.
You hit the gnoll with your +0 dagger. The ball python bites you.
* * * LOW HITPOINT WARNING * * *
The ball python grabs you. The ball python constricts you.
The gnoll hits you with a +0 flail.
* * * LOW HITPOINT WARNING * * *
The ball python bites you but does no damage.
The ball python constricts you.
You die...

#..## ##.......#.......##.##..##
#...###....⌠...#...##..#.....#.#
#.............#....#....#...##.#
#....................##...#..##.
#################################
#.#.#############################
#.#..............................
......#####......g.#####.........
......# #.....@S.# #.#.......
......# #.......## #.#.......
......# #.......# #.........
####### #.......# ###.......
#.......# ##...... #########
#######


You could see a gnoll and a ball python.

Vanquished Creatures
  An adder (D:2)
  3 bats
  An endoplasm (D:2)
  A giant cockroach (D:1)
  5 goblins (D:1)
  4 hobgoblins
  7 ball pythons
  2 frilled lizards (D:1)
  3 kobolds
  2 rats (D:1)
29 creatures vanquished.

Notes
Turn   | Place    | Note
-------+----------+-------------------------------------------
     0 | D:1      | runemasterragnar the Coglin Artificer began the quest for
                  | the Orb.
     0 | D:1      | Reached XP level 1. HP: 15/15 MP: 1/1
    28 | D:1      | Reached skill level 1 in Dodging
    32 | D:1      | Reached skill level 1 in Stealth
    35 | D:1      | Reached XP level 2. HP: 13/21 MP: 2/2
   714 | D:2      | Reached XP level 3. HP: 7/26 MP: 3/3
   935 | D:1      | HP: 1/26 [gnoll/+0 flail (5)]
   935 | D:1      | Constricted to death by a ball python

Illustrated notes

Levels and vault maps discovered:
D:1:      erik_arrival_cave_to_civilisation [erik_arrival_cave_to_hall],
          layout_rooms
D:2:      layout_basic

Skill      XL: |  1  2 |
---------------+-------+-----
Dodging        | 1 |  1.4
Stealth        | 1 |  1.3
Armour         | 2 |  2.2
Fighting       | |  1.6
Evocations     | |  4.4

Action                     || total
---------------------------++-------
  Melee: Dagger            ||   138
         Club              ||    15
 Armour: Leather armour    ||    67
  Dodge: Dodged            ||    46

Table legend: (Time is in decaauts)
 A = Elapsed time spent in this place.
 B = Non-inter-level travel time spent in this place.
 C = Inter-level travel time spent in this place.
 D = Time resting spent in this place.
 E = Time spent auto-exploring this place.
 F = Levels seen in this place.
 G = Mean time per level.
                   A        B        C        D        E       F      G
               +--------+--------+--------+--------+--------+-----+--------+
         Total |    937 |    899 |     38 |     88 |    547 |   2 |  468.5 |
       Dungeon |    937 |    899 |     38 |     88 |    547 |   2 |  468.5 |
               +--------+--------+--------+--------+--------+-----+--------+

Top non-repeatable levels by time:
     D:1: 697 daAuts
     D:2: 239 daAuts
